 Dungeon Crawl Stone Soup version 0.24.0-125-gc4c63601f3 (webtiles) character file.

Game seed: 10098617493542441593, levelgen mode: deterministic

99 BuffBuff the Skirmisher (level 4, -1/24 HPs)
             Began as a Vine Stalker Fighter on Mar 17, 2020.
             Slain by a worker ant (3 damage)
             ... on level 4 of the Dungeon.
             The game lasted 00:05:22 (2248 turns).

BuffBuff the Skirmisher (Vine Stalker Fighter)      Turns: 2248, Time: 00:05:23

Health: -1/24      AC:  6    Str: 20    XL:     4   Next: 72%
Magic:  0/5        EV:  7    Int:  8    God:
Gold:   87         SH:  9    Dex: 13    Spells: 3/3 levels left

rFire    . . .     SeeInvis .     - Unarmed
rCold    . . .     Gourm    .   b - +0 shield
rNeg     . . .     Faith    .   a - +0 scale mail
rPois    .         Spirit   +   (no helmet)
rElec    .         Reflect  .   (no cloak)
rCorr    .         Harm     .   (no gloves)
MR       .....                  (no boots)
Stlth    ..........             (no amulet)
HPRegen  0.48/turn              (no ring)
MPRegen  0.09/turn              (no ring)

@: lethally poisoned (-1 -> -6)
A: fangs 2, regeneration 1, magic shield, antimagic bite, no potion heal 3, rot
immunity
a: no special abilities


You were on level 4 of the Dungeon.
You were not hungry.

You visited 1 branch of the dungeon, and saw 4 of its levels.

You collected 87 gold pieces.

Inventory:

Armour
 a - a +0 scale mail (worn)
 b - a +0 shield (worn)
Scrolls
 f - a scroll of fog {unknown}
 h - a scroll of remove curse {unknown}
 j - a scroll of amnesia {unknown}
 k - 2 scrolls of random uselessness {unknown}
 l - a scroll of blinking {unknown}
 n - a scroll of identify {unknown}
 o - a scroll of fear {unknown}
 q - a scroll of teleportation {unknown}
Potions
 c - a potion of might
 e - a potion of berserk rage {unknown}
 g - a potion of haste {unknown}
 i - 2 potions of agility {unknown}
 m - a potion of brilliance {unknown}
 r - a potion of mutation {unknown}
Comestibles
 d - 2 rations
 p - a chunk of flesh


   Skills:
 + Level 3.3 Fighting
 + Level 3.0 Armour
 + Level 3.3 Shields
 + Level 3.0 Unarmed Combat


You had 3 spell levels left.
You didn't know any spells.
Your spell library was empty.

Dungeon Overview and Level Annotations

Branches:
Dungeon (4/15)
 Temple: D:4-7

Altars:
Nemelex Xobeh

Annotations:
D:3 3 runed translucent doors, hitsuchi's ghost, amateur OpCK; rumpelstilzz's ghost, amateur OpVM


Innate Abilities, Weirdness & Mutations

You have extremely sharp teeth.
Your natural rate of healing is unusually fast.
When hurt, damage is shared between your health and your magic reserves.
Your bite disrupts and absorbs the magic of your enemies.
Potions cannot restore your health.
You are immune to rotting.


Message History

The worker ant is moderately wounded.
You feel sick. You block the worker ant's attack. The worker ant bites you.
You are lethally poisoned!
The worker ant poisons you!
You punch the worker ant!
You bite the worker ant, but do no damage.
The worker ant is almost dead.
You feel sick.
The worker ant bites you but does no damage.
You hit the worker ant.
The worker ant is almost dead.
* * * LOW HITPOINT WARNING * * *
You feel sick. You block the worker ant's attack.
* * * LOW HITPOINT WARNING * * *
You feel sick.
* * * LOW HITPOINT WARNING * * *
You feel sick. The worker ant bites you.
* * * LOW HITPOINT WARNING * * *
The worker ant bites you.
You die...

#.# #.# #.# ... #.#
##+##### #.#
#......###.######.#
#......##.@a.......
#......##..######♣.
#...(..##..#
#......##..#
#......##..#
#######......##..#####
.......................
############..#..######
#......#


You could see a worker ant.

Vanquished Creatures
  A howler monkey skeleton (D:3)
  2 adders
  3 dart slugs
  4 leopard geckos
  An orc (D:3)
  2 ball pythons
  4 bats
  4 giant cockroaches
  6 goblins
  7 hobgoblins
  4 quokkas
  7 frilled lizards
  5 kobolds
  11 rats
61 creatures vanquished.

Notes
Turn   | Place    | Note
-------+----------+-------------------------------------------
     0 | D:1      | BuffBuff the Vine Stalker Fighter began the quest for the
                  | Orb.
     0 | D:1      | Reached XP level 1. HP: 11/11 MP: 2/2
    89 | D:1      | Reached XP level 2. HP: 16/16 MP: 3/3
   425 | D:1      | Reached XP level 3. HP: 17/20 MP: 4/4
  1581 | D:3      | Gained mutation: Your natural rate of healing is unusually
                  | fast. [Vine Stalker growth]
  1581 | D:3      | Reached XP level 4. HP: 15/24 MP: 3/5
  1808 | D:3      | Found a runed translucent gate.
  1809 | D:3      | Found a runed translucent gate.
  1810 | D:3      | Found a runed translucent gate.
  1817 | D:3      | Noticed rumpelstilzz's ghost (amateur OpVM)
  1818 | D:3      | Noticed hitsuchi's ghost (amateur OpCK)
  2017 | D:3      | Found a sparkling altar of Nemelex Xobeh.
  2248 | D:4      | Slain by a worker ant

Levels and vault maps discovered:
D:1:      scummos_arrival_checkerplants, layout_rooms
D:2:      layout_loops_ring
D:3:      layout_rooms, gammafunk_ghost_cemetery,
          hangedman_abyss_or_decor_stabs, nemelex_altar_shiori
D:4:      layout_basic, serial_shops, nicolae_shop_behind_doors,
          nicolae_shop_trees, shop, shop, shop, first_ration, uniq_eustachio

Skill      XL: |  1  2  3  4 |
---------------+-------------+-----
Fighting       | 3 |  3.3
Shields        | 3 |  3.3
Armour         | 3 |  3.0
Unarmed Combat | 3 |  3.0

Action                   |  1- 3 |  4- 6 || total
-------------------------+-------+-------++-------
Melee: Unarmed           |   121 |    82 ||   203
       Bite              |    27 |    32 ||    59
  Eat: Chunk             |     2 |     2 ||     4
Armor: Scale mail        |    30 |    24 ||    54
Dodge: Dodged            |    28 |    20 ||    48
Block: Shield            |    51 |    38 ||    89
